Cogmind - Beta 15 *** ADVENTURER MODE // 2025.09.09 @ 19:39:53 Player: Sir Cheese Result: Self-destructed Performance ------------- Evolutions (1) 500 Regions Visited (2) 400 Robots Destroyed (19) 95 Value Destroyed (448) 448 Prototype IDs (0) 0 Alien Tech Used (0) 0 Bonus (0) 0 TOTAL SCORE: 1443 Bonus ------- None Cogmind --------- Core Integrity 270/400 Matter 290/300 Energy 160/160 System Corruption 0% Temperature Cool (0) Movement Treading (160) Location -9/Materials Parts ------- > --- POWER (2) -------- Light Nuclear Core > --- PROPULSION (2) --- Light Treads > --- UTILITY (3) ------ Small Storage Unit Visual Processing Unit Seismic Detector > --- WEAPON (2) ------- Welding Torch > --- INVENTORY (8) ---- Sensor Array Improved Terrain Scanner Seismic Detector Improved Datajack Improved Datajack Mining Laser Peak State ------------ > --- POWER ------------ Light Ion Engine Light Nuclear Core > --- PROPULSION ------- Light Treads Light Treads > --- UTILITY ---------- Small Storage Unit Visual Processing Unit Seismic Detector > --- WEAPON ----------- Beam Rifle Field Laser > --- INVENTORY -------- Light Ion Engine Sensor Array Improved Terrain Scanner Seismic Detector Utility Shielding Improved Datajack Mining Laser Welding Torch [Rating: 16] Favorites ----------- Power Light Ion Engine Engine Light Ion Engine Power Core Light Nuclear Core Propulsion Light Treads Treads Light Treads Utility Small Storage Unit Device Seismic Detector Storage Small Storage Unit Processor Visual Processing Unit Weapon Medium Laser Energy Gun Medium Laser Special Weapon Mining Laser Build | -11 -10 -9 ------- Run | Yrd Mat Mat Slots Evolved 2 | . . 2 Power 1 | . . 1 Propulsion . | . . . Utility 1 | . . 1 Weapon . | . . . Parts Attached 18 | 4 6 8 Power 5 | . 2 3 Engine 3 | . 2 1 Core 2 | . . 2 Reactor . | . . . Propulsion 3 | . 2 1 Treads 3 | . 2 1 Leg . | . . . Wheel . | . . . Hover . | . . . Flight . | . . . Utility 3 | 2 . 1 Device 1 | 1 . . Storage 1 | 1 . . Processor 1 | . . 1 Hackware . | . . . Protection . | . . . Artifact . | . . . Weapon 7 | 2 2 3 Energy Gun 5 | 2 1 2 Energy Cannon . | . . . Ballistic Gun . | . . . Ballistic Cannon . | . . . Launcher . | . . . Special Weapon 2 | . 1 1 Impact Weapon . | . . . Slashing Weapon . | . . . Piercing Weapon . | . . . Special Melee Weapon . | . . . Unidentified Prototypes . | . . . Parts Lost 5 | . . 5 Power 2 | . . 2 Propulsion 1 | . . 1 Utility . | . . . Weapon 2 | . . 2 Highest Loss Streak 2 | . . 2 To Critical Strikes . | . . . Average Backups 7 | 4 7 7 Power 1 | 2 2 1 Propulsion . | 1 . . Utility 3 | . 3 3 Weapon . | . 1 1 Tool/Special . | . . . Unused Backups 9 | . 1 8 Power 1 | . . 1 Propulsion 1 | . . 1 Utility 5 | . 1 4 Weapon . | . . . Tool/Special 2 | . . 2 Average Slot Usage (%) 93 | . 96 91 Engine 9 | . 10 9 Core 4 | . . 8 Treads 24 | . 27 21 Device 12 | . 14 11 Storage 12 | . 14 11 Processor 4 | . . 8 Energy Gun 22 | . 24 20 Special Weapon 2 | . 3 . Peak Build Rating 16 | 4 8 16 Average Rating 10 | 2 7 13 On Entrance 4 | . 4 8 Naked Turns . | . . . Heaviest Build 20 | 9 14 20 Greatest Support 40 | 3 40 40 Greatest Overweight (x) 2 | 2 . . Average Overweight (x) . | 1 . . Largest Inventory Capacity 8 | 8 8 8 Average Capacity 7 | 7 8 8 Most Carried 8 | 7 8 8 Average Carried 7 | 4 7 7 Final Capacity 8 | 8 8 8 Final Carried 8 | 7 8 6 Class Distribution -------------------- 83% | Mutant 16% | Scavenger-Mutant Dominant Class ---------------- Mutant | -10/Materials Mutant | -9/Materials Resources | -11 -10 -9 ----------- Run | Yrd Mat Mat Matter Collected 411 | 240 70 101 Remotely . | . . . Salvage Created 746 | 136 130 480 Parts 43 | 11 5 27 Haulers Intercepted . | . . . Recyclers Shooed . | . . . Parts Field Recycled . | . . . Retrieved Matter . | . . . Parts Self-Destructed . | . . . Prevented . | . . . Kills | -11 -10 -9 ------- Run | Yrd Mat Mat Combat Hostiles Destroyed 9 | . 3 6 Guns 8 | . 3 5 Classes Destroyed 6 | 2 1 3 Worker 1 | . . 1 Tunneler 3 | 3 . . Recycler 2 | 1 . 1 Watcher 4 | . . 4 Grunt 5 | . 3 2 Sentry 4 | . . 4 Best Kill Streak 5 | 4 2 5 Combat Bots Only 3 | . 2 3 Max Kills in Single Turn 2 | 2 1 1 Gunslinging . | . . . Exploded . | . . . Melee . | . . . Uniques/NPCs Destroyed . | . . . Combat | -11 -10 -9 -------- Run | Yrd Mat Mat Hostile Shots Fired 124 | . 23 101 Missed 28 | . 4 24 Hits 96 | . 19 77 Projectile 96 | . 19 77 Damage Taken 909 | . 168 741 Core 156 | . 26 130 Absorbed by Shields . | . . . Ignored by Resistances 278 | . 53 225 Core Remaining (%) 94 | 100 89 . Volleys Fired 60 | 4 20 36 Largest 2 | 2 2 2 Hottest 150 | 90 150 119 Shots Fired 101 | 8 40 53 Gun 81 | 8 33 40 Cannon . | . . . Launcher . | . . . Special 20 | . 7 13 Kinetic . | . . . Thermal 101 | 8 40 53 Explosive . | . . . Electromagnetic . | . . . Robot Hit Streak 14 | 5 9 14 Robot Miss Streak 3 | . 1 3 Penetration Max . | . . . Secondary Targets . | . . . Shots Hit Robots 63 | 5 23 35 Core Hits 31 | 5 8 18 Critical Kills . | . . . Critical Parts Destroyed . | . . . Critical Strikes 2 | . 1 1 Burn 2 | . 1 1 Melee Attacks . | . . . Impact . | . . . Slashing . | . . . Piercing . | . . . Sneak Attacks . | . . . Combat Hostiles . | . . . Follow-up Attacks . | . . . Damage Inflicted 795 | 74 272 449 Guns 780 | 74 272 434 Cannons . | . . . Explosions . | . . . Melee . | . . . Ramming . | . . . Kinetic . | . . . Thermal 795 | 74 272 449 Explosive . | . . . Electromagnetic . | . . . Impact . | . . . Slashing . | . . . Piercing . | . . . Highest Corruption . | . . . Average Corruption . | . . . Corruption Purged . | . . . Corruption Blocked . | . . . Overload Shots . | . . . Overflow Damage . | . . . Projectiles . | . . . Explosions . | . . . Melee . | . . . Knockbacks . | . . . Impact . | . . . Kinetic . | . . . Secondary . | . . . Self-Inflicted Damage . | . . . Shots . | . . . Rammed . | . . . Targets Rammed . | . . . Kicked . | . . . Crushed . | . . . Highest Temperature 499 | 30 300 499 Average Temperature 115 | 13 102 138 Received Heat Transfer 570 | . 123 447 Effects 6 | . . 6 Shutdowns 4 | . . 4 Interference 1 | . . 1 Matter Decay 1 | . . 1 Siege Activations . | . . . Martial Activations . | . . . Shielding Activations . | . . . Robots Disrupted . | . . . Combat Hostiles . | . . . Robots Corrupted . | . . . Combat Hostiles . | . . . Parts Fried . | . . . Impact Corruptions . | . . . Robots Melted 1 | . . 1 Combat Hostiles 1 | . . 1 Parts Melted 8 | . 2 6 Heat Transferred 2228 | 186 793 1249 Parts Sabotaged . | . . . Parts Stolen . | . . . Parts Stripped . | . . . Power Chain Reactions . | . . . Alert | -11 -10 -9 ------- Run | Yrd Mat Mat Maximum Alert Level . | . . . Low Security (%) 100 | 100 100 100 Level 1 . | . . . Level 2 . | . . . Level 3 . | . . . Level 4 . | . . . Level 5 . | . . . High Security . | . . . Max Security . | . . . Peak Influence 67 | 10 50 67 Initial 7 | . . 7 Average 11 | 1 6 18 Influence Increases 323 | 20 74 229 Destroy 0b10 Robot/C 180 | . 60 120 Destroy 0b10 Robot/NC 50 | 20 . 30 Destroy Leader 58 | . 10 48 Successful Hack 16 | . . 16 Destroy Structure 4 | . 4 . Lose Combat Pursuer 15 | . . 15 Influence Decreases 322 | 20 54 248 Entered New Map 13 | . . 13 Time Decay 282 | 20 54 208 Lost Part 27 | . . 27 Squads Dispatched 2 | . 2 . Investigation 2 | . 2 . Extermination . | . . . Reinforcement . | . . . Assault . | . . . Garrison . | . . . Intercept . | . . . Searches Triggered . | . . . Construction Impeded . | . . . Haulers Reinforced . | . . . Active Scanning Responses . | . . . Cargo Convoy Interrupts . | . . . Stealth | -11 -10 -9 --------- Run | Yrd Mat Mat Distress Signals 1 | . . 1 Communications Jammed . | . . . Distress Signals . | . . . Times Spotted 24 | . 6 18 Peak Tracking Total 9 | . 2 9 Tactical Retreats 1 | . . 1 Traps | -11 -10 -9 ------- Run | Yrd Mat Mat Traps Triggered 1 | . 1 . Indirectly . | . . . Trap Hack Attempts . | . . . Triggered . | . . . Disarmed . | . . . Reprogrammed . | . . . Reused . | . . . Traps Extracted . | . . . Installed . | . . . Triggered . | . . . Machines | -11 -10 -9 ---------- Run | Yrd Mat Mat Machines Disabled . | . . . Max in Single Turn . | . . . Machines Repaired . | . . . Machines Dismantled . | . . . Machines Sabotaged . | . . . Overloaded Fab Kills . | . . . Hacking | -11 -10 -9 --------- Run | Yrd Mat Mat Machines Accessed 7 | . 2 5 Terminals 4 | . 1 3 Fabricators . | . . . Repair Stations . | . . . Recycling Units 2 | . 1 1 Scanalyzers 1 | . . 1 Garrison Access . | . . . Total Hacks 26 | . 6 20 Successful 20 | . 4 16 Failed 6 | . 2 4 Catastrophic . | . . . Database Lockouts . | . . . Manual 16 | . 5 11 Terminals 14 | . 3 11 Fabricators . | . . . Repair Stations . | . . . Recycling Units 4 | . 3 1 Scanalyzers 8 | . . 8 Garrison Access . | . . . Terminal Hacks 4 | . 1 3 Dispatch Records 1 | . 1 . Recall Investigation 1 | . . 1 Recall Reinforcements 1 | . . 1 Zone Layout 1 | . . 1 Fabricator Hacks . | . . . Repair Station Hacks . | . . . Recycling Unit Hacks . | . . . Scanalyzer 8 | . . 8 Insert Component 4 | . . 4 Analyze 4 | . . 4 Garrison Access Hacks . | . . . Unauthorized Hacks 5 | . 1 4 Terminals 5 | . 1 4 Assimilate 3 | . 1 2 Botnet 2 | . . 2 Fabricators . | . . . Repair Stations . | . . . Recycling Units . | . . . Scanalyzers . | . . . Garrison Access . | . . . Data Cores Recovered . | . . . Used . | . . . Hacking Detections 5 | . 2 3 Full Trace Events 2 | . 1 1 Feedback Events . | . . . Feedback Blocked . | . . . Robot Schematics Acquired . | . . . Robots Built . | . . . Authchips . | . . . Time . | . . . Total Robot Build Rating . | . . . Part Schematics Acquired 4 | . . 4 Parts Built . | . . . Authchips . | . . . Time . | . . . Total Part Build Rating . | . . . Parts Repaired . | . . . Time . | . . . Parts Recycled . | . . . Recycled Matter . | . . . Retrieved Matter . | . . . Retrieved Components . | . . . Parts Scanalyzed 4 | . . 4 Part Schematics Acquired 4 | . . 4 Parts Damaged . | . . . Bothacking | -11 -10 -9 ------------ Run | Yrd Mat Mat Used RIF Installer . | . . . Robots Hacked . | . . . Non-combat . | . . . Combat . | . . . Robot Hacks Applied . | . . . Relay Couplers Released . | . . . Fabnet Peak Effective % . | . . . Robots Rewired . | . . . Allies Hacked . | . . . Hacks Repelled . | . . . Allies | -11 -10 -9 -------- Run | Yrd Mat Mat Total Allies . | . . . Largest Group . | . . . Highest-Rated Group . | . . . Highest-Rated Ally . | . . . Total Orders . | . . . Ally Attacks . | . . . Total Damage . | . . . Kills . | . . . Allies Corrupted . | . . . Allies Melted . | . . . Intel | -11 -10 -9 ------- Run | Yrd Mat Mat Active Infowar (turns) 1027 | 13 475 539 Optics 416 | . . 416 Seismic 1027 | 13 475 539 Robot Analysis Total . | . . . Derelict Logs Recovered . | . . . Drone Launches . | . . . Drone Recoveries . | . . . Exploration | -11 -10 -9 ------------- Run | Yrd Mat Mat Turns Passed 1109 | 95 475 539 Spaces Moved 552 | 55 231 266 Core 55 | 55 . . Treads 497 | . 231 266 Legs . | . . . Wheels . | . . . Hover . | . . . Flight . | . . . Fastest Speed 50 | 50 160 160 Average Speed 156 | 124 160 160 Slowest Speed 160 | 150 160 160 Overloaded Moves . | . . . Propulsion Burnouts . | . . . Robots Hopped . | . . . Potential Cave-ins 2 | . 2 . Cave-ins Triggered . | . . . Exploration Rate (%) 26 | 3 41 36 Regions Visited 2 Branch Regions . Pre-discovered Areas . | . . . Known Exits Taken . | . . . Unknown Exits Taken 2 | 1 1 . Scrap Searched . | . . . Spaces Dug 7 | . 7 . Terrain Destroyed 7 | . 7 . Melee . | . . . Projectile 7 | . 7 . AOE . | . . . Terrain Rammed . | . . . Walls Destroyed . | . . . Machines Disabled . | . . . Actions | -11 -10 -9 --------- Run | Yrd Mat Mat Total 682 | 73 283 326 Wait 18 | . 18 . Move 550 | 54 230 266 Hop . | . . . Pick Up 22 | 11 5 6 Fast Attach 3 | . . 3 Attach 11 | 4 3 4 Detach . | . . . Swap 6 | . 4 2 Drop 12 | . 3 9 Fire 60 | 4 20 36 Melee . | . . . Ram . | . . . Kick . | . . . Crush . | . . . Escape Stasis . | . . . Rewire . | . . . Trap . | . . . Miscellaneous . | . . . Route ------- -11/Scrapyard -10/Materials (discovered 2 exits: *Mat x2) -9/Materials History --------- Turn | Location | Event 16 | -11/Scrapyard | Discovered new exit (range 15) 96 | -11/Scrapyard | Entered Materials 257 | -10/Materials | Discovered new exit (range 5) 301 | -10/Materials | Build established: Mutant 486 | -10/Materials | Discovered new exit (range 15) 571 | -10/Materials | Entered another Materials area 571 | -9/Materials | Evolved 2 slots: Power x1, Utility x1 1110 | -9/Materials | Self-destructed Last Messages --------------- G-34 Mercenary destroyed. Acquired 5 matter. T-07 Excavator is excavating. U-05 Engineer lays Concrete. T-07 Excavator is excavating. Field Laser destroyed. Lgt. Nuclear Core destroyed. Connecting with Terminal... >>Layout(Zone) Retrieving Zone 6S layout... Downloaded map data. >>Recall(Investigation) Establishing remote squad link... No tasked investigation squads found. >>Recall(Reinforcements) Establishing remote squad link... No tasked reinforcement squads found. Connecting with Terminal... Beam Rifle destroyed. Lgt. Treads destroyed. Map ----- +----------------------------------------------------+ | | | | | | | | | | | ?????????????????????????????????????????????????? | | ?????????????????????????????????????????????????? | | ?????????????????????????????????????????????????? | | ?????????????????????????????????????????????????? | | ?????????????????????????????????????????????????? | | ?????????????????????????????????????????????????? | | ???????? #####??# """ #????????????????????? | | ???????? #??# """ #????######??????????? | | ???????? #??# """ #????# T ??????????? | | ???????? #??# #????# ??????????? | | ???????# #??#" #????# """??????????? | | ???????? #??#T #????# """??????????? | | ???????? #??#" #????# """??????????? | | ???????? #####??# #????# ??????????? | | ???????? ##########+#############+##??????????? | | ???????? ???????? + | | ???????? ??????????? | | ???????? ??????????? | | ???????? #### ##########+######+##??????????? | | ????????#####??# # ggg # #?# ??????????? | | ???????????????# # gY""@# #?# ??????????? | | ???????????????# a gT" # #?# ??????????? | | ???????????????# # ""g# ### ??????????? | | ???????????????# # # ? ? ??????????? | | ???????????????# # # ### ??????????? | | ????????######## ################# ??????????? | | ????????# # # #???????# ####????####### | | ????????# # # # ??????# !! #???????# * | | ????????#""" + #???????# !! #???????# | | ????????#""" # # #???????#] !! #???????? | | ????????#""" # ########### ####????# | | ????????# # ## # ## ######""" ! | | ????????######## ## # ## #"R ! | | ????????######## ## """ # ## "S !#""" ? | | ???????? """"" # ## """ # """ ## """% #? ? | | ???????? ""T"" / ## """ # """ ## "" ####+## | | ?????# # ## # """ ## # % | | ?????# # #??###+#### ???# == + | | ?????########### ##?# ##+###### == # | | ??????????????# #?# # % # # | | ??????????????# #?# %+ # # | | ??????????????# " #?# # """" # + | | ??????????????# #?# ##### # """" ####### | | ??????????????# #?### ###???# # """" #?????? | | ??????????????## ########+####### # #?????? | +----------------------------------------------------+ Best States ------------- Heat Dissipation 28 Energy Generation 19 Energy Capacity 275 Matter Stores 300 Matter Capacity 300 Sight Range 18 Terrain Scan Density 10 Resistance: KI 20 Resistance: TH 20 Resistance: EX 20 Resistance: EM 20 Resistance: I 20 Resistance: S 20 Resistance: P 20 Evasion (%) 50 Recoil Reduction 2 Offensive Hacking 10 Item Schematics ----------------- Seismic Detector | -9/Materials | Scanalyzed Imp. Datajack | -9/Materials | Scanalyzed Lgt. Nuclear Core | -9/Materials | Scanalyzed Sensor Array | -9/Materials | Scanalyzed Robot Schematics ------------------ None Fabricated ------------ Nothing Repaired ---------- Nothing Alien Tech Used ----------------- None Achievements -------------- None Challenges ------------ None Game ------ Seed HardlightScatterFlightbrick Manual? 0 Play Time 00:18:07 Cumulative 12.1 hours Start 2025.09.09 @ 19:26:22 End 2025.09.09 @ 19:39:53 Sessions 1 Manual Loads 0 Difficulty Adventurer Special Mode None Game No. 11 Rogue 0 Adventurer 4 Explorer 7 Win Type - Total 0 Types 0/0/0/0/0/0/0/0/0/0 Lore% 15 Gallery% 20 Achievement% 23 Wizard Run 0 Options --------- Layout 1 ASCII 0 Keyboard 0 Movement Mouse Keybinds 0 Fullscreen 1 Font 48/Smallcaps Map View 50x35 Zoom Use 0% Tactical HUD 0 Map Filters NONE Filters NONE Steam 1 RUN: eb9ece70-24c8-48aa-af97-052444f1b481